AoeStats
← jusart.92

Arena

509917673Analyzed
3v3 RM · 4d ago on Sep 28, 2026· 43m 22s· 6 players
Game mode
Random Map
Map size
Normal (6 player)
Population
200
Speed
Normal
Resources
Standard
Victory
Conquest
Starting age
Dark Age
Ending age
Imperial Age
RankedLock teamsTeams togetherTeam positionsShared explorationLock speedFull tech treeHidden civsTurbo modeCheats
Victory
Defeat
🇬🇧 Aztecs · United Kingdom
1214
+15
🇲🇽 Danes · Mexico
1213
+15
🇵🇾 Burgundians · Paraguay
1194
+16
🇦🇷 Bohemians · Argentina
1244
-17
🇦🇷 Persians · Argentina
1223
-17
🇦🇷 Britons · Argentina
1101
-12
Greengetawn
10:16 Feudal Age
14:05 Castle Age
12:42 Loom
14:15 Double-Bit Axe
14:16 Horse Collar
15:20 Town Watch
21:03 Stone Mining
23:12 Gold Mining
23:55 Bow Saw
24:01 Town Watch
25:34 Heavy Plow
25:58 Forging
29:11 Husbandry
29:22 Bloodlines
31:48 Imperial Age
29:55 Wheelbarrow
29:43 Scale Barding Armor
29:28 Fletching
29:39 Padded Archer Armor
30:36 Kamandaran
31:02 Ballistics
31:56 Gold Shaft Mining
31:24 Bodkin Arrow
31:45 Cavalier
33:25 Iron Casting
34:29 Two-Man Saw
34:07 Stone Shaft Mining
32:56 Crossbowman
33:41 Thumb Ring
34:36 Leather Archer Armor
35:55 Chemistry
35:28 Conscription
36:18 Savar
Mujica74707
10:16 Feudal Age
14:34 Castle Age
21:50 Wheelbarrow
26:01 Double-Bit Axe
29:07 Imperial Age
27:44 Bow Saw
27:35 Horse Collar
30:59 Chemistry
30:38 Fletching
31:29 Town Watch
32:59 Hand Cart
32:45 Town Patrol
33:23 Scale Mail Armor
33:33 Forging
33:42 Redemption
33:58 Bodkin Arrow
33:49 Pikeman
34:30 Squires
35:39 Iron Casting
35:19 Chain Mail Armor
34:56 Halberdier
35:42 Heavy Plow
36:43 Siege Engineers
40:48 Two-Man Saw
francolopre
10:32 Feudal Age
16:20 Castle Age
15:20 Double-Bit Axe
15:24 Horse Collar
19:22 Wheelbarrow
34:40 Fletching
34:51 Padded Archer Armor
39:10 Imperial Age
42:30 Imperial Age
41:04 Loom
41:34 Hand Cart
41:04 Town Watch
McLagan
9:57 Feudal Age
14:23 Castle Age
12:49 Double-Bit Axe
15:20 Bow Saw
15:41 Scale Mail Armor
17:47 Squires
17:57 Eagle Warrior
20:45 Arson
21:48 Forging
23:06 Loom
23:57 Wheelbarrow
24:23 Chain Mail Armor
26:37 Iron Casting
26:38 Pikeman
27:47 Horse Collar
33:13 Imperial Age
31:42 Hand Cart
34:08 Gold Mining
34:09 Stone Mining
33:48 Capped Ram
35:43 Elite Eagle Warrior
39:57 Plate Mail Armor
40:28 Blast Furnace
40:38 Heavy Plow
40:41 Siege Ram
DANICW82
10:34 Feudal Age
14:39 Castle Age
14:50 Double-Bit Axe
15:35 Horse Collar
17:40 Wheelbarrow
20:00 Loom
22:50 Heavy Plow
24:01 Gold Mining
24:03 Stone Mining
24:33 Bow Saw
24:32 Fletching
28:14 Gold Shaft Mining
29:33 Hand Cart
33:42 Imperial Age
31:19 Scale Mail Armor
31:43 Squires
31:30 Arson
31:06 Man-at-Arms
32:58 Chain Mail Armor
32:54 Forging
32:40 Bodkin Arrow
34:16 Two-Man Saw
33:03 Long Swordsman
34:11 Two-Handed Swordsman
35:47 Iron Casting
36:21 Crop Rotation
36:25 Plate Mail Armor
36:20 Ballistics
37:04 Conscription
37:47 Chemistry
38:30 Blast Furnace
37:38 Bracer
38:50 Champion
jusart.92
9:35 Feudal Age
11:36 Loom
14:21 Castle Age
22:44 Sanctity
24:23 Redemption
24:34 Sanctity
25:32 Sanctity
26:59 Double-Bit Axe
28:18 Fervor
32:21 Imperial Age
30:59 Bow Saw
30:32 Horse Collar
31:29 Wheelbarrow
30:40 Town Watch
31:48 Forging
31:39 Scale Mail Armor
31:30 Fletching
32:31 Gambesons
32:47 Squires
32:32 Arson
33:27 Iron Casting
34:39 Block Printing
34:50 Conscription
37:01 Blast Furnace
36:18 Chain Mail Armor
37:24 Onager
39:15 Chemistry
39:50 Hand Cart
39:36 Town Patrol
41:54 Ballistics
41:40 Siege Engineers
42:53 Heavy Plow
42:48 Gold Mining
42:44 Elite Varangian Guard
43:55 Plate Mail Armor
Connection lost

Rejoining the realm…

Still unreachable

The connection could not be restored.

Session expired

The server has moved on; the page needs a fresh start.